 Dungeon Crawl Stone Soup version 0.29-a0-284-gf9362112df (webtiles) character file.

Game seed: 4377190814106927698

343 enile the Arsonist (level 6, -3/70 HPs)
             Began as a Gnoll Wanderer on Mar 21, 2022.
             Was an Initiate of Gozag.
             Slain by Duvessa
             ... wielding a +7 short sword of venom
              (16 damage)
             ... on level 4 of the Dungeon.
             The game lasted 00:05:06 (3905 turns).

enile the Arsonist (Gnoll Wanderer)                 Turns: 3905, Time: 00:05:07

Health: -3/70      AC: 23    Str:  9 (10) XL:     6   Next: 57%
Magic:  11/11      EV:  2    Int: 14 (16) God:    Gozag
Gold:   373        SH:  0    Dex: 15 (16) Spells: 5/11 levels left

rFire   . . .      SeeInvis .   y - +0 dagger (venom)
rCold   . . .      Faith    .   (no shield)
rNeg    . . .      Spirit   .   (body armour currently unavailable)
rPois   +          Reflect  .   (helmet currently unavailable)
rElec   .          Harm     .   (cloak currently unavailable)
rCorr   .          Rampage  .   (gloves currently unavailable)
Will    +....      NoTele   +   (boots currently unavailable)
Stlth   +.........              (no amulet)
HPRegen 0.21/turn               p - ring of willpower
MPRegen 0.12/turn               s - +6 ring of dexterity

@: confused, lethally poisoned (-3 -> -20), tree-form, ambrosia-drunk
A: stationary, stasis, torment immunity, boosted hp, (fangs 1), strong nose,
distributed training, wild magic 2, (sturdy frame 1)
a: Renounce Religion, Potion Petition, Call Merchant, Bribe Branch


You were on level 4 of the Dungeon.
You worshipped Gozag.
Gozag was aware of your devotion.
You were a tree.
You visited 1 branch of the dungeon, and saw 4 of its levels.

You collected 373 gold pieces.

Inventory:

Hand Weapons
 a - a +0 club
 e - a +0 dagger
 g - a +0 spear
 y - a +0 dagger of venom (weapon)
Missiles
 u - 2 poisoned darts (quivered)
Armour
 c - a +0 robe
 d - a +0 cloak
 f - a +0 pair of boots
 h - a +3 chain mail
 i - a +3 leather armour (melded)
 A - a scarf of repulsion (melded)
Jewellery
 p - a ring of willpower (left branch)
 s - a +6 ring of dexterity (right branch)
Wands
 t - a wand of iceblast (12)
 x - a wand of charming (7)
Scrolls
 j - 2 scrolls of identify
 k - a scroll of amnesia
 m - a scroll of magic mapping
 n - a scroll of torment {unknown}
 q - a scroll of blinking {unknown}
 w - 2 scrolls of teleportation {unknown}
 z - a scroll of brand weapon {unknown}
Potions
 b - a potion of mutation
 l - 2 potions of lignification
 o - 2 potions of ambrosia


   Skills:
 + Level 3.3 Fighting
 + Level 2.0 Short Blades
 + Level 2.0 Long Blades
 + Level 2.0 Axes
 + Level 2.0 Maces & Flails
 + Level 2.0 Polearms
 + Level 2.0 Staves
 + Level 2.0 Slings
 + Level 2.0 Bows
 + Level 2.0 Crossbows
 + Level 2.0 Throwing
 + Level 2.0 Armour
 + Level 2.0 Dodging
 + Level 3.1 Stealth
 + Level 2.0 Shields
 + Level 2.0 Unarmed Combat
 + Level 3.4 Spellcasting
 + Level 1.6 Conjurations
 + Level 4.1 Hexes
 + Level 1.6 Summonings
 + Level 1.6 Necromancy
 + Level 1.6 Translocations
 + Level 1.6 Transmutations
 + Level 8.9 Fire Magic
 + Level 1.6 Ice Magic
 + Level 1.6 Air Magic
 + Level 1.6 Earth Magic
 + Level 1.6 Poison Magic
 + Level 2.2 Invocations
 + Level 2.0 Evocations


You had 5 spell levels left.
You knew the following spells:

 Your Spells              Type           Power      Damage    Failure   Level
a - Foxfire               Conj/Fire      100%       2x1d9     7%          1
b - Scorch                Fire           88%        2d9       3%          2
c - Inner Flame           Hex/Fire       33%        N/A       11%         3

Your spell library contained the following spells:

 Spells                   Type           Power      Damage    Failure   Level
 Slow                     Hex            88%        N/A       10%         1
 Sublimation of Blood     Necr           11%        N/A       30%         2
 Wereblood                Tmut           11%        N/A       30%         2
 Portal Projectile        Hex/Tloc       32%        N/A       34%         3
 Sticky Flame             Conj/Fire      27%        2d5       41%         4
 Cause Fear               Hex            11%        N/A       54%         4
 Summon Hydra             Summ           5%         N/A       100%        7
 Discord                  Hex            11%        N/A       100%        8


Dungeon Overview and Level Annotations

Branches:
Dungeon (4/15)
 Temple: D:4-7

Altars:
Gozag

Shops:
D:3 (

Annotations:
D:4 Duvessa


Innate Abilities, Weirdness & Mutations

You are a tree.
Your roots penetrate the ground, keeping you stationary.
You cannot be teleported.
You are immune to unholy pain and torment.
Your maximum health is greatly increased.
Your equipment is partially melded.
((You have very sharp teeth.))
Your uncanny sense of smell can sniff out nearby items.
Your experience applies equally to all skills.
Your spells are harder to cast, but more powerful.
((Your movements are slightly less encumbered by armour. (ER -2)))


Message History

Your roots penetrate the ground.
You feel very sick. Duvessa completely misses you.
It was a potion of ambrosia.
You are confused.
You feel invigorated.
You feel very sick.
Duvessa hits you with a +7 short sword of venom!
An orc comes into view. It is wielding a +0 falchion.
Duvessa hits you with a +7 short sword of venom!
* * * LOW HITPOINT WARNING * * *
You are lethally poisoned!
It was a potion of mutation.
You feel extremely strange.
You feel less in control of your magic.
You feel less encumbered by your armour.
You feel less in control of your magic.
* * * LOW HITPOINT WARNING * * *
You feel very sick. Duvessa hits you but does no damage.
You cannot move. (Use ctrl+direction or * direction to attack without moving.)
You nearly hit yourself!
* * * LOW HITPOINT WARNING * * *
You feel very sick.
Duvessa hits you with a +7 short sword of venom!
* * * LOW HITPOINT WARNING * * *
You are more poisoned.
Duvessa hits you but does no damage.
It was a potion of heal wounds.
You feel much better.
You feel very sick.
Duvessa hits you with a +7 short sword of venom!
* * * LOW HITPOINT WARNING * * *
Okay, then.
It was a potion of degeneration.
There was something very wrong with that liquid.
You feel weakened.
You feel dopey.
You feel clumsy.
* * * LOW HITPOINT WARNING * * *
You feel very sick.
Duvessa hits you with a +7 short sword of venom!
You die...
Your body crumbles into a pile of gold.

*,** *,,,**####.###.# #.# *,*
*,,,,..........#####.# *,*
*,,,,................#
*,*********,,**#.....###.#######
,,,,,,,,,,,,,**#.#.#####.#
,,**********,,,..........# ***
*,**#.#.#####.# *,* #.#.# #.#
*,* #♣#.# #.# ###### *** *,*
#e#.#####.###..... ,,***
#$###.#.##..∆......... ,,,,*
#....°o.......###.####
*,*,******######.....∆####
#.#### *,$,,,,,,,.........####
#..... ***,******#######..#
###### *,* #..#** ***,*** #....*


You could see Duvessa (berserk) and an orc.

Vanquished Creatures
  Pargi (D:3)
  Dowan (D:4)
  A hound (D:4)
  An orc priest (D:4)
  Ijyb (D:3)
  Terence (D:3)
  2 adders (D:2)
  2 worms
  A dart slug (D:3)
  5 orcs (D:4)
  5 ball pythons
  6 endoplasms
  4 giant cockroaches
  6 goblins
  2 hobgoblins
  2 quokkas
  9 bats
  3 frilled lizards
  11 kobolds
  5 rats
  A foxfire (D:3)
70 creatures vanquished.

Vanquished Creatures (collateral kills)
  A foxfire (D:1)
1 creature vanquished.

Vanquished Creatures (others)
  188 foxfires
188 creatures vanquished.

Grand Total: 259 creatures vanquished

Notes
Turn   | Place    | Note
-------+----------+-------------------------------------------
     0 | D:1      | enile the Gnoll Wanderer began the quest for the Orb.
     0 | D:1      | enile set off with the following items: a +0 club, a potion
                  | of might, a +0 robe, a +0 cloak; and the following spells
                  | available to memorise: Scorch, Foxfire, Slow, Portal
                  | Projectile, Sticky Flame
     0 | D:1      | Reached XP level 1. HP: 17/17 MP: 4/4
    24 | D:1      | Learned a level 1 spell: Foxfire
   435 | D:1      | Reached XP level 2. HP: 23/23 MP: 2/5
   788 | D:1      | Learned a level 2 spell: Scorch
   994 | D:1      | Found a faded altar of an unknown god.
  1132 | D:1      | Prayed at the altar of an unknown god.
  1132 | D:1      | Became a worshipper of Gozag Ym Sagoz the Greedy
  1294 | D:1      | Reached XP level 3. HP: 28/28 MP: 4/7
  1795 | D:2      | Reached skill level 1 in Invocations
  2135 | D:2      | Reached skill level 1 in Short Blades
  2135 | D:2      | Reached skill level 1 in Long Blades
  2135 | D:2      | Reached skill level 1 in Axes
  2135 | D:2      | Reached skill level 1 in Maces & Flails
  2135 | D:2      | Reached skill level 1 in Polearms
  2135 | D:2      | Reached skill level 1 in Staves
  2135 | D:2      | Reached skill level 1 in Slings
  2135 | D:2      | Reached skill level 1 in Bows
  2135 | D:2      | Reached skill level 1 in Crossbows
  2135 | D:2      | Reached skill level 1 in Throwing
  2135 | D:2      | Reached skill level 1 in Armour
  2135 | D:2      | Reached skill level 1 in Dodging
  2135 | D:2      | Reached skill level 1 in Shields
  2135 | D:2      | Reached skill level 1 in Unarmed Combat
  2135 | D:2      | Reached skill level 1 in Evocations
  2174 | D:2      | Reached XP level 4. HP: 34/34 MP: 6/8
  2664 | D:3      | Found Rurot's Weapon Shop.
  2664 | D:3      | Noticed Terence
  2684 | D:3      | Killed Terence
  2685 | D:3      | Reached skill level 1 in Conjurations
  2685 | D:3      | Reached skill level 1 in Summonings
  2685 | D:3      | Reached skill level 1 in Necromancy
  2685 | D:3      | Reached skill level 1 in Translocations
  2685 | D:3      | Reached skill level 1 in Transmutations
  2685 | D:3      | Reached skill level 1 in Ice Magic
  2685 | D:3      | Reached skill level 1 in Air Magic
  2685 | D:3      | Reached skill level 1 in Earth Magic
  2685 | D:3      | Reached skill level 1 in Poison Magic
  2903 | D:3      | Learned a level 3 spell: Inner Flame
  2988 | D:3      | Noticed Pargi
  2994 | D:3      | Killed Pargi
  2995 | D:3      | Reached XP level 5. HP: 41/41 MP: 0/9
  3108 | D:3      | Noticed Ijyb
  3118 | D:3      | Killed Ijyb
  3528 | D:4      | Reached XP level 6. HP: 47/47 MP: 3/11
  3780 | D:4      | Noticed Dowan
  3891 | D:4      | Killed Dowan
  3894 | D:4      | Noticed Duvessa
  3902 | D:4      | Gained mutation: Your spells are a little harder to cast,
                  | but a little more powerful. [potion of mutation]
  3902 | D:4      | Gained mutation: Your movements are slightly less
                  | encumbered by armour. (ER -2) [potion of mutation]
  3902 | D:4      | Gained mutation: Your spells are harder to cast, but more
                  | powerful. [potion of mutation]
  3905 | D:4      | Slain by Duvessa

Illustrated notes

Levels and vault maps discovered:
D:1:      sevenhm_arrival_forest_fort_large_4, layout_basic,
          dreamdust_ecumenical_altar_statues, kennysheep_another_room,
          minmay_stone_trees_small, minmay_misc_feat_rugged
D:2:      layout_loops_ring
D:3:      layout_rooms, serial_shops, nicolae_shop_bloodbath_and_beyond,
          minmay_misc_feat_nine_boxes, uniq_pargi, uniq_ijyb, uniq_terence
D:4:      layout_loops_ring, minmay_close_crescents, uniq_duvessa, uniq_robin,
          uniq_edmund

Skill      XL: |  1  2  3  4  5  6 |
---------------+-------------------+-----
Invocations    | 1 2 |  2.2
Short Blades   | 1 2 |  2.0
Long Blades    | 1 2 |  2.0
Axes           | 1 2 |  2.0
Maces & Flails | 1 2 |  2.0
Polearms       | 1 2 |  2.0
Staves         | 1 2 |  2.0
Slings         | 1 2 |  2.0
Bows           | 1 2 |  2.0
Crossbows      | 1 2 |  2.0
Throwing       | 1 2 |  2.0
Armour         | 1 2 |  2.0
Dodging        | 1 2 |  2.0
Shields        | 1 2 |  2.0
Unarmed Combat | 1 2 |  2.0
Evocations     | 1 2 |  2.0
Spellcasting   | 3 |  3.4
Conjurations   | 1 |  1.6
Summonings     | 1 |  1.6
Necromancy     | 1 |  1.6
Translocations | 1 |  1.6
Transmutations | 1 |  1.6
Ice Magic      | 1 |  1.6
Air Magic      | 1 |  1.6
Earth Magic    | 1 |  1.6
Poison Magic   | 1 |  1.6
Fighting       | 3 |  3.3
Hexes          | 4 |  4.1
Stealth        | 3 |  3.1
Fire Magic     | |  8.9

Action                   |  1- 3 |  4- 6 || total
-------------------------+-------+-------++-------
Melee: Club              |     4 |       ||     4
       Spear             |    13 |    14 ||    27
       Bite              |     1 |     1 ||     2
Throw: Dart              |       |     6 ||     6
 Cast: Foxfire           |    78 |    41 ||   119
       Scorch            |     5 |    13 ||    18
       Inner Flame       |       |     8 ||     8
Evoke: Wand              |       |     1 ||     1
  Use: Potion            |       |     6 ||     6
       Scroll            |       |     2 ||     2
Armor: Robe              |     2 |       ||     2
       Leather armour    |    13 |     8 ||    21
       Skin              |       |     2 ||     2
Dodge: Dodged            |    14 |    24 ||    38

Table legend: (Time is in decaauts)
 A = Elapsed time spent in this place.
 B = Non-inter-level travel time spent in this place.
 C = Inter-level travel time spent in this place.
 D = Time resting spent in this place.
 E = Time spent auto-exploring this place.
 F = Levels seen in this place.
 G = Mean time per level.
                   A        B        C        D        E       F      G
               +--------+--------+--------+--------+--------+-----+--------+
         Total |   3903 |   3806 |     97 |      0 |   3214 |   4 |  975.8 |
       Dungeon |   3903 |   3806 |     97 |      0 |   3214 |   4 |  975.8 |
               +--------+--------+--------+--------+--------+-----+--------+

Top non-repeatable levels by time:
     D:1: 1471 daAuts
     D:2: 1063 daAuts
     D:3: 961 daAuts
     D:4: 407 daAuts
